 Dungeon Crawl Stone Soup version 0.32-a0-30-gefbe487952 (webtiles) character file.

Game seed: 151607501556758498

338 Dirtsage the Changeling (level 6, 0/41 HPs)
             Began as an Octopode Shapeshifter on Jan 19, 2024.
             Killed from afar by an orc wizard (5 damage)
             ... with a magic dart
             ... on level 4 of the Dungeon.
             The game lasted 00:05:34 (3379 turns).

Dirtsage the Changeling (Octopode Shapeshifter)     Turns: 3379, Time: 00:05:35

Health: 0/41       AC:  1    Str: 13    XL:     6   Next: 55%
Magic:  6/6        EV: 13    Int: 13    God:
Gold:   183        SH:  0    Dex: 11    Spells: 5/5 levels left

rFire   . .          .
                       - Unarmed
rCold   . . .        (no shield)
rNeg    . . .        (helmet currently unavailable)
rPois   .            (no amulet)
rElec   .            (no ring)
rCorr   .            (no ring)
SInv    .            (no ring)
Will    .....        (no ring)
Stlth   ++           (no ring)
HPRegen 0.26/turn    (no ring)
MPRegen 0.10/turn    (no ring)
                     (no ring)

%: no passive effects
@: beast-form
A: beast (slay +2), almost no armour, amphibious, 8 rings, camouflage 1,
gelatinous body 1, (nimble swimmer 1), tentacles, tentacle spike 1, clumsy 1,
wild magic 1
a: Begin Untransformation


You were on level 4 of the Dungeon.
You were a hulking beast.
You visited 1 branch of the dungeon, and saw 5 of its levels.

You collected 183 gold pieces.

Inventory:

Armour
 n - a +2 hat
Magical Staves
 r - a staff of alchemy
Talismans
 b - a beast talisman
 c - a flux talisman
 t - a blade talisman
Wands
 p - a wand of roots (10)
 u - a wand of polymorph (7)
Scrolls
 e - a scroll of revelation {unknown}
 f - a scroll of amnesia {unknown}
 g - a scroll of enchant weapon {unknown}
 h - a scroll of brand weapon {unknown}
 i - a scroll of identify
 j - a scroll of fear {unknown}
 m - a scroll of butterflies {unknown}
 s - a scroll of vulnerability {unknown}
Potions
 a - a potion of lignification
 d - 2 potions of enlightenment
 k - a potion of haste {unknown}
 l - a potion of cancellation
 o - a potion of mutation


   Skills:
 + Level 2.8 Fighting
 + Level 3.4 Dodging
 + Level 4.2 Unarmed Combat
 * Level 4.7 Shapeshifting


You had 5 spell levels left.
You didn't know any spells.
Your spell library contained the following spells:

 Spells                   Type           Power      Damage    Failure   Level
 Lesser Beckoning         Tloc           0%         N/A       52%         2
 Gell's Gravitas          Tloc           0%         N/A       75%         3
 Teleport Other           Tloc           0%         N/A       75%         3


Dungeon Overview and Level Annotations

Branches:
Dungeon (5/15)
 Temple: D:4-7

Altars:
Dithmenos


Innate Abilities, Weirdness & Mutations

You are a hulking beast.
Your limbs bulge with bestial killing power. (Slay +2)
You cannot wear most types of armour.
You are amphibious.
You can wear up to eight rings at the same time.
Your skin changes colour to match your surroundings (Stealth+).
Your rubbery body absorbs attacks. (AC +1, EV +1)
((You are camouflaged when in or above water. (Stealth+)))
You have tentacles for arms and can constrict up to eight enemies at once.
One of your tentacles bears a spike.
You are clumsy. (Dex -2)
Your spells are a little harder to cast, but a little more powerful.


Message History

You take 1 damage, and have 15/41 hp.
You barely miss something. You tentacle-slap something.
Your squeeze misses something.
You feel less confused. Something hits you.
You take 1 damage, and have 14/41 hp.
You tentacle-slap something. Something hits you.
* * * LOW HITPOINT WARNING * * *
You take 2 damage, and have 12/41 hp.
You closely miss something. Something hits you.
* * * LOW HITPOINT WARNING * * *
You take 2 damage, and have 10/41 hp.
You tentacle-slap something. Something hits you.
* * * LOW HITPOINT WARNING * * *
You take 5 damage, and have 5/41 hp.
It was a potion of mutation.
You feel extremely strange.
One of your lower tentacles grows a sharp spike.
You feel clumsy.
You feel less in control of your magic. Something hits you.
* * * LOW HITPOINT WARNING * * *
You take 1 damage, and have 4/41 hp.
You feel better.
You hear some strange, mumbled words.
Something tries to affect you, but you resist.
You regained 7 hp, and now have 11/41 hp.
As you read the scroll labelled SETWOR OQEQAEM, it crumbles to dust.
It is a scroll of identify.
l - a potion of cancellation;
i - a scroll of identify;
n - a +2 hat Something hits you.
* * * LOW HITPOINT WARNING * * *
You take 3 damage, and have 8/41 hp.
You miss something.
Your tentacle spike misses something.
Your squeeze misses something. Something hits you.
* * * LOW HITPOINT WARNING * * *
You take 4 damage, and have 4/41 hp.
You tentacle-slap something.
Your tentacle spike misses something.
You hear some strange, mumbled words.
A magic dart appears from out of thin air!
The magic dart hits you.
You die...

............##..'..### #........
.......#.....##8#### #........
.......#.#.#.######## #........
...........#........######.......
.............>...........##.....#
.........#.........#####..#######
######...#.##..>......###.#####
.#####.#.#.####.{..##.........#
.......#.#.# #.h..########...#
.......#.#.####....# #####
..รท...........######
..............# ..............#
..............# ..............##
...............#
.......#...#...### #########


There were no monsters in sight!

Vanquished Creatures
  2 scorpions (D:4)
  An orc priest (D:5)
  A sleepcap (D:4)
  Robin (D:2)
  7 adders
  A dart slug (D:2)
  2 ribbon worms
  An orc (D:3)
  8 endoplasms
  5 giant cockroaches
  11 goblins
  9 hobgoblins
  5 jackals (D:2)
  7 kobolds
  6 quokkas
  5 ball pythons
  5 bats
  2 frilled lizards (D:2)
  4 rats
83 creatures vanquished.

Notes
Turn   | Place    | Note
-------+----------+-------------------------------------------
     0 | D:1      | Dirtsage the Octopode Shapeshifter began the quest for the
                  | Orb.
     0 | D:1      | Reached XP level 1. HP: 13/13 MP: 1/1
    99 | D:1      | Reached XP level 2. HP: 16/18 MP: 2/2
   607 | D:1      | Reached XP level 3. HP: 18/23 MP: 3/3
   725 | D:1      | Found a faded altar of an unknown god.
  1225 | D:2      | Reached XP level 4. HP: 22/29 MP: 4/4
  1292 | D:2      | Noticed Robin
  1333 | D:2      | Killed Robin
  1502 | D:2      | Reached XP level 5. HP: 34/34 MP: 5/5
  2869 | D:4      | Reached XP level 6. HP: 41/41 MP: 6/6
  3037 | D:4      | Found a shadowy altar of Dithmenos.
  3333 | D:5      | Entered Level 5 of the Dungeon
  3375 | D:4      | Gained mutation: One of your tentacles bears a spike.
                  | [potion of mutation]
  3375 | D:4      | Gained mutation: You are clumsy. (Dex -2) [potion of
                  | mutation]
  3375 | D:4      | Gained mutation: Your spells are a little harder to cast,
                  | but a little more powerful. [potion of mutation]
  3379 | D:4      | Killed from afar by an orc wizard

Illustrated notes

Levels and vault maps discovered:
D:1:      psy_arrival_terrarium, layout_basic,
          dilly_ecumenical_altar_fadedgnrine, chequers_hall_statues_wall_a
D:2:      layout_loops_ring, uniq_robin
D:3:      layout_loops_ring, grunt_ministairs_5
D:4:      layout_rooms, general_overflow_altar, grunt_ministairs_8
D:5:      wander_river, layout_loops_ring, nzn_wu_jian_council_hall,
          nicolae_yredelemnul_corpse_copse, serial_shops, kennysheep_mini,
          nicolae_half_adder

Skill      XL: |  1  2  3  4  5 |
---------------+----------------+-----
Fighting       | 2 |  2.8
Shapeshifting  | 4 |  4.7
Dodging        | 3 |  3.4
Unarmed Combat | 4 |  4.2

Action                     |  1- 3 |  4- 6 || total
---------------------------+-------+-------++-------
  Melee: Unarmed           |    77 |   108 ||   185
         Constrict         |    19 |    26 ||    45
         Tentacles         |    11 |    20 ||    31
         Punch             |     1 |     4 ||     5
    Use: Potion            |       |     4 ||     4
         Scroll            |       |     1 ||     1
   Stab: Sleeping          |     8 |     9 ||    17
 Armour: Skin              |    34 |    48 ||    82
  Dodge: Dodged            |    26 |    53 ||    79

Table legend: (Time is in decaauts)
 A = Elapsed time spent in this place.
 B = Non-inter-level travel time spent in this place.
 C = Inter-level travel time spent in this place.
 D = Time resting spent in this place.
 E = Time spent auto-exploring this place.
 F = Levels seen in this place.
 G = Mean time per level.
                   A        B        C        D        E       F      G
               +--------+--------+--------+--------+--------+-----+--------+
         Total |   3366 |   3262 |    104 |      0 |   2686 |   5 |  673.2 |
       Dungeon |   3366 |   3262 |    104 |      0 |   2686 |   5 |  673.2 |
               +--------+--------+--------+--------+--------+-----+--------+

Top non-repeatable levels by time:
     D:1: 957 daAuts
     D:2: 954 daAuts
     D:3: 771 daAuts
     D:4: 660 daAuts
     D:5: 21 daAuts
